 Dungeon Crawl Stone Soup version 0.15-a0-58-gfb3cfe9 (webtiles) character file.

319493 playerghost the Eclecticist (level 21, -25/114 HPs)
             Began as a Vine Stalker Assassin on Apr 4, 2014.
             Was the Champion of Dithmenos.
             Shot with a silver bolt by a yaktaur captain (29 damage)
             ... on Level 5 of the Vaults on Apr 5, 2014.
             The game lasted 07:28:15 (51732 turns).

playerghost the Eclecticist (VSAs)                 Turns: 51732, Time: 07:28:15

HP -25/114       AC 12     Str 16      XL: 21   Next: 43%
MP   0/42        EV 19     Int 23      God: Dithmenos [******]
Gold 1860        SH  0     Dex 24      Spells: 11 memorised,  1 level left

rFire  + . .     SeeInvis .     a - +8,+7 dagger (stab)
rCold  + . .     Clarity  +     j - +0 robe of Niaddyt {Dex+4 Int+5}
rNeg   . . .     Conserve .     (no shield)
rPois  .         rCorr    .     Z - +2 hat of the Alchemist {rElec rF+ rC+ MR+}
rElec  +         rRot     +     x - +2 cloak of Dawn {Dam+3 Stlth++}
SustAb . .       Spirit   +     o - +2 pair of gloves {Dex+3}
rMut   .         Warding  .     f - +2 pair of boots {run}
Saprov . . .     Stasis   .     e - amulet of clarity
MR     +++..                    S - +4,+6 ring of slaying
                                n - +7,+5 ring of slaying

@: regenerating (expiring), very slightly contaminated, wreathed by umbra,
drained, quick, extremely resistant to hostile enchantments, uncannily stealthy
A: fangs 3, deformed body, regeneration 3, electricity resistance, magic shield,
antimagic bite, no device heal
a: Shadow Step, Shadow Form, Renounce Religion
}: 2/15 runes: decaying, gossamer


You were on level 5 of the Vaults.
You worshipped Dithmenos.
Dithmenos was exalted by your worship.
You were not hungry.

You visited 8 branches of the dungeon, and saw 44 of its levels.
You also visited: Labyrinth, Ice Cave and Wizlab.

You collected 3989 gold pieces.
You spent 2129 gold pieces at shops.

Inventory:

Hand weapons
 a - a +8,+7 dagger of stabbing (weapon)
 b - a +4 blowgun
Missiles
 H - 3 steel javelins (quivered)
 R - 9 curare-tipped needles
Armour
 f - a +2 pair of boots of running (worn)
 j - the +0 robe of Niaddyt (worn) {Dex+4 Int+5}
   (You bought it in a shop on level 4 of the Orcish Mines)

   It affects your intelligence (+5).
   It affects your dexterity (+4).
 o - a +2 pair of gloves of dexterity (worn)
 x - the +2 cloak of Dawn (worn) {Dam+3 Stlth++}
   (You acquired it on level 8 of the Lair of Beasts)

   It affects your damage with ranged weapons and melee attacks (+3).
   It makes you much more stealthy.
 Z - the +2 hat of the Alchemist (worn) {rElec rF+ rC+ MR+}
   (You found it in a labyrinth)

   It protects you from fire.
   It protects you from cold.
   It insulates you from electricity.
   It affects your resistance to hostile enchantments.
Magical devices
 d - a wand of digging (3)
 r - a wand of confusion (12)
 v - a wand of lightning (5)
 z - a wand of draining (5)
 P - a wand of cold (4)
 Q - a wand of hasting (7)
Comestibles
 g - 4 bread rations
 U - a royal jelly
Scrolls
 l - a scroll of fog
 s - 3 scrolls of teleportation
 t - a scroll of enchant armour
 T - a scroll of remove curse
 Y - a scroll of identify
Jewellery
 c - an uncursed ring of teleportation
 e - an amulet of clarity (around neck)
 h - the ring of Desertification {+/*Tele +Rage rC+ Acc-3}
   (You found it in an ice cave)

   [ring of teleportation]

   It causes random teleportation, and can be evoked to teleport at will.
   It affects your accuracy with ranged weapons and melee attacks (-3).
   It protects you from cold.
   It lets you go berserk.
 k - an uncursed amulet of the gourmand
 n - a +7,+5 ring of slaying (left hand)
 p - an uncursed amulet of resist mutation
 w - an uncursed ring of protection from cold
 y - an uncursed ring of sustain abilities
 B - an uncursed amulet of stasis
 C - an uncursed ring of sustenance
 G - an uncursed amulet of warding
 M - an uncursed ring of see invisible
 S - a +4,+6 ring of slaying (right hand)
 X - an uncursed ring of protection from fire
Potions
 i - a potion of restore abilities
 m - 2 potions of curing
 q - a potion of cure mutation
 E - a potion of agility
 L - a potion of flight
 V - a potion of resistance
Books
 u - the Disquisition on Confrontation
   (You found it on level 5 of the Vaults)

   Spells                             Type                      Level
   Shock                              Conjuration/Air              1
   Flame Tongue                       Conjuration/Fire             1
   Dazzling Spray                     Conjuration/Hexes            3
   Iskenderun's Mystic Blast          Conjuration                  4
   Throw Icicle                       Conjuration/Ice              4
   Orb of Destruction                 Conjuration                  7
 J - a book of Frost

   Spells                             Type                      Level
   Freeze                             Ice                          1
   Throw Frost                        Conjuration/Ice              2
   Ozocubu's Armour                   Charms/Ice                   3
   Throw Icicle                       Conjuration/Ice              4
   Summon Ice Beast                   Ice/Summoning                4
   Condensation Shield                Ice                          4
Miscellaneous
 A - a stone of tremors (inert)
 D - a disc of storms
 F - a phial of floods


   Skills:
 + Level 13.8(12.5) Fighting
 - Level 16.0(14.6) Short Blades
 - Level 2.1(1.1) Throwing
 - Level 8.0(6.9) Dodging
 - Level 10.2(9.0) Stealth
 - Level 17.3(15.9) Spellcasting
 - Level 16.0(14.6) Hexes
 - Level 12.0(10.7) Charms
 - Level 7.0(5.9) Necromancy
 - Level 1.3(0.4) Invocations
 - Level 6.0(4.9) Evocations


You had one spell level left.
You knew the following spells:

 Your Spells              Type           Power        Failure   Level  Hunger
a - Cause Fear            Hex            ######....   1%          4    None
b - Agony                 Necr           #####...     10%         5    None
c - Haste                 Chrm           ######..     8%          6    ####...
d - Darkness              Hex            ######....   8%          7    ######.
e - Apportation           Tloc           ###.......   3%          1    None
f - Invisibility          Hex            ######..     1%          6    ####...
g - Regeneration          Chrm/Necr      ######....   1%          3    None
h - Vampiric Draining     Necr           #####.....   1%          3    None
i - Mass Confusion        Hex            ######....   1%          6    ####...
j - Discord               Hex            ######....   54%         8    #######
k - Animate Dead          Necr           N/A          3%          4    None


Dungeon Overview and Level Annotations

Branches:
Dungeon (15/15)            Temple (1/1) D:5             Orc (4/4) D:9
    Elf (0/3) Orc:3          Lair (8/8) D:8           Swamp (5/5) Lair:4
 Spider (5/5) Lair:5        Slime (0/6) Lair:6       Vaults (5/5) D:14
  Blade (1/1) Vaults:3      Crypt (0/5) Vaults:3     Depths (0/5) D:15

Altars:
Ashenzari
Cheibriados
Dithmenos
Elyvilon
Fedhas
Kikubaaqudgha
Makhleb
Nemelex Xobeh
Okawaru
Sif Muna
Trog
Vehumet
Xom
Yredelemnul
Zin
The Shining One
Beogh
Jiyva

Shops:
D:7 ?   D:9 :   D:10 (   Orc:3 [   Orc:4 }[([   Vaults:1 (%(

Annotations:
D:4 Gandelf's ghost, experienced DDBe
D:13 Donald
Lair:2 exclusion: spiny frog
Spider:4 exclusion: Roxanne, Roxanne


Innate Abilities, Weirdness & Mutations

You are immune to rotting.
You have razor-sharp teeth.
You regenerate.
When hurt, damage is shared between your health and your magic reserves.
Your bite disrupts and absorbs the magic of your enemies.
Potions and wands cannot restore your HP.
Armour fits poorly on your strangely shaped body.
You are resistant to electric shocks.


Message History

Drink which item? (? for menu, Esc to quit)
You feel better.
Your skin is crawling a little less now.
The yaktaur captain hits you!
* * * LOW HITPOINT WARNING * * *
The shadow dragon completely misses you.
The shadow dragon closely misses you.
The shadow dragon claws you but does no damage.
Casting: Mass Confusion
Confirm with . or Enter, or press ? or * to list all spells.
Okay, then.
Drink which item? (? for menu, Esc to quit)
Magic courses through your body. The yaktaur captain barely misses you.
The shadow dragon barely misses you. The shadow dragon misses you.
The shadow dragon completely misses you.
The yaktaur captain wields an uncursed crossbow.
The yaktaur captain shoots a silver bolt.
The silver bolt hits you! The silver sears you!
You die...

************* *************
,,,,,,,,,,,,,,,,,,,,,,,,,,*
,,,,,,,,,,,,,,,,,,,,,,,,,,*
**** *******#######***,,, *
,,,,,,*,,,,,#..§§§#,,,,,,,*
,,, ,,*,,,, #.DDc§#,,,,*,,*
****,,*,,*,,#..#§§#,,,,*,,*
*,,,,,*,,*,,#..#@§#,,,,*,,*
*,,,,,*,,*, #..#.)#***,*,,*
* ,*,,*,,*,,#..#.(#,,,,*,,*
,,,,,,,,,*,,#..#..#,,,,*,,*
,,,,,,,,,*, #..#..#,,,,*,,*
****,,*** ,,#D.#..#,,,,*, *
,,,,,,*,,,,,*,.#..#,,,,*,,*
,,,, ,*,,,,,* ,#..#..,,* ,*
****** ,,*,,*,,#..#....#,,*


You could see a shadow dragon and a yaktaur captain.

Vanquished Creatures
  Saint Roka (Swamp:2)
  Norris (D:14)
  Jory (Vaults:2)
  The ghost of Elizilla the Blocker, a mighty FoFi of Dithmenos (Vaults:2)
  The ghost of Ququman the Executioner, a mighty DDFi of Makhleb (Swamp:4)
  A sphinx (Vaults:3)
  Rupert (Swamp:2)
  The ghost of Lapajee the Shatterer, a mighty MiBe of Trog (Spider:5)
  2 thorn hunters
  Frances (D:14)
  2 tengu reavers (Vaults:5)
  Kirke (D:14)
  3 fire giants
  3 ghost moths (Spider:5)
  6 vault wardens
  2 frost giants (Vaults:4)
  A deep elf sorcerer (Vaults:3)
  Maud (D:14)
  An orc warlord (Orc:4)
  3 emperor scorpions (Spider:5)
  Jorgrun (Spider:4)
  A war gargoyle (Vaults:1)
  5 stone giants
  3 rakshasas (D:14)
  Azrael (Spider:3)
  5 deep elf annihilators
  Snorg (Orc:2)
  A deep elf death mage (Vaults:3)
  A minotaur (Lab)
  6 vault guards
  4 ettins
  2 fire dragons
  4 great orbs of eyes
  6 yaktaur captains
  Josephine (Orc:2)
  Fannar (Lair:6)
  13 ironheart preservers
  Harold (Orc:2)
  6 statues (WizLab)
  Nessos (Orc:3)
  A ravenous feature mimic (Lair:6)
  25 hydras
  2 shambling mangroves
  4 death yaks
  11 ogre magi
  22 dancing weapons
  3 deep troll shamans (Vaults:2)
  8 alligators
  5 centaur warriors
  Urug (Orc:2)
  An orc high priest (Orc:4)
  10 spriggans
  3 tengu warriors
  An iron troll (Vaults:4)
  A catoblepas (D:14)
  A fire crab (D:14)
  5 very ugly things
  2 unseen horrors
  The ghost of 4tharraofdagon the Cudgeler, an experienced DsGl of Kikubaaqudgha (D:12)
  8 skeletal warriors
  15 orb spiders
  11 ironbrand convokers
  Erolcha (D:8)
  2 flayed ghosts
  A giant orange brain (Vaults:1)
  9 orc knights
  8 deep trolls
  6 swamp dragons
  4 spriggan druids
  A deep elf conjurer (Vaults:3)
  A tengu zombie (Vaults:2)
  Pikel (D:7)
  12 red wasps
  A hill giant (shapeshifter) (Vaults:5)
  6 hill giants
  A wizard (Vaults:3)
  11 harpies
  2 manticores
  A wolf spider zombie (D:15)
  2 necromancers
  2 orc sorcerers
  32 wolf spiders
  9 griffons
  A phantasmal warrior (Vaults:5)
  11 elephants
  5 cyclopes
  A frost giant skeleton (Vaults:2)
  A fire giant skeleton (Vaults:3)
  Maurice (Orc:1)
  A moth of wrath (Spider:5)
  14 vault sentinels
  A black mamba (Lair:8)
  3 gargoyles (D:14)
  2 item mimics
  Psyche (D:8)
  A vapour (Swamp:5)
  11 spiny frogs
  19 yaktaurs
  An elf (shapeshifter) (Vaults:2)
  A fire drake (shapeshifter) (Vaults:3)
  2 fire drakes
  A troll (shapeshifter) (D:14)
  2 kobold demonologists
  7 freezing wraiths
  5 demonic crawlers
  36 jumping spiders
  A merfolk (shapeshifter) (Vaults:2)
  3 polar bears
  13 giant fireflies
  Sonja (D:14)
  6 komodo dragons
  29 two-headed ogres
  Prince Ribbit (D:4)
  5 giant leeches
  4 trolls
  14 ravens
  4 bog bodies
  9 blink frogs
  49 slime creatures
  2 wraiths
  A griffon zombie (D:13)
  6 boulder beetles
  4 basilisks
  A griffon skeleton (D:13)
  A basilisk (shapeshifter) (Vaults:1)
  3 wyverns
  A redback (shapeshifter) (Vaults:1)
  2 grizzly bears
  6 thorn lotuses
  3 water elementals (D:15)
  2 human simulacra
  A spriggan (shapeshifter) (Vaults:1)
  3 shadows
  31 redbacks
  25 trapdoor spiders
  2 fire elementals (Spider:3)
  3 hogs (D:14)
  7 deep elf magi
  2 elephant slugs
  30 yaks
  Eustachio (D:6)
  29 tarantellas
  3 sharks
  Grum (D:9)
  2 steam dragons (Lair:8)
  4 deep elf fighters
  3 hungry ghosts
  48 ugly things
  16 humans
  16 wolves
  A hill giant skeleton (D:13)
  5 wargs
  25 swamp worms
  Edmund (D:6)
  14 hippogriffs
  Menkaure (D:7)
  20 vampire mosquitoes
  22 water moccasins
  26 swamp drakes
  10 porcupines
  2 hell hounds (Spider:3)
  2 mottled dragons
  3 yellow wasps
  3 phantoms
  4 sky beasts
  51 spiders
  2 black bears
  5 human zombies
  A black bear (shapeshifter) (Vaults:1)
  56 orc warriors
  6 giant goldfish
  5 ice beasts
  46 ogres
  2 big kobolds
  A boring beetle (Spider:4)
  18 crocodiles
  4 centaurs
  Sigmund (D:3)
  Duvessa (D:4)
  15 giant slugs
  A komodo dragon zombie (D:15)
  10 insubstantial wisps
  Blork the orc (D:8)
  A glowing shapeshifter simulacrum (Vaults:2)
  21 giant frogs
  A wyvern skeleton (D:15)
  4 scorpions
  8 wights
  A cyclops skeleton (D:14)
  A hippogriff zombie (D:8)
  An eye of draining (D:14)
  9 electric eels
  9 killer bees
  A quasit (D:8)
  A boring beetle zombie (D:15)
  6 goliath beetles
  20 orc priests
  Dowan (D:4)
  10 crimson imps
  6 big fish
  2 centaur zombies
  An elf zombie (D:13)
  13 iguanas
  9 jellies
  43 orc wizards
  A two-headed ogre zombie (D:11)
  11 hounds
  Natasha (D:3)
  A kobold skeleton (D:8)
  11 worker ants
  A boulder beetle simulacrum (Vaults:1)
  9 sheep
  Ijyb (D:7)
  An ogre skeleton (D:10)
  An ogre zombie (D:8)
  A mottled dragon skeleton (D:15)
  3 mummies
  8 gnolls
  A worker ant zombie (D:11)
  72 green rats
  25 adders
  5 shadow imps
  2 giant mites
  12 white imps (Lair:1)
  5 worms
  An adder skeleton (D:4)
  An iguana skeleton (D:8)
  3 giant eyeballs
  8 giant geckos
  7 oozes
  189 orcs
  A bat skeleton (D:6)
  17 goblins
  13 hobgoblins
  19 jackals
  22 kobolds
  3 ball pythons
  26 bats
  4 giant cockroaches
  A giant mite zombie (D:5)
  2 giant newts
  A goblin skeleton (Orc:2)
  A hobgoblin zombie (D:9)
  A jackal skeleton (D:4)
  2 orc simulacra (Orc:2)
  2 orc skeletons
  An orc zombie (Orc:2)
  17 quokkas
  A quokka skeleton (D:4)
  17 rats
  A rat skeleton (D:4)
  A bush (Lair:5)
1946 creatures vanquished.

Vanquished Creatures (collateral kills)
  A frost giant (Vaults:5)
  A deep elf demonologist (Vaults:5)
  2 ettins (Vaults:5)
  13 vault guards (Vaults:5)
  A troll (Vaults:5)
  An orc knight (Vaults:5)
  An ironbrand convoker (Vaults:5)
  A warg (Vaults:5)
  2 orc warriors (Vaults:5)
  An electric eel (Lair:6)
24 creatures vanquished.

Vanquished Creatures (others)
  A vault guard (Vaults:5)
  An orc warrior (Vaults:5)
  2 slaves (D:7)
  An ogre (D:7)
  A sky beast (D:7)
  2 jellies (D:7)
  An orc priest (Vaults:5)
  An orc wizard (Swamp:2)
  2 orcs (Orc:1)
  2 fungi (Lair:8)
  A plant (Lair:6)
15 creatures vanquished.

Grand Total: 1985 creatures vanquished

Notes
Turn   | Place    | Note
--------------------------------------------------------------
     0 | D:1      | playerghost, the Vine Stalker Assassin, began the quest for the Orb.
     0 | D:1      | Reached XP level 1. HP: 11/11 MP: 1/1
    68 | D:1      | Reached XP level 2. HP: 15/15 MP: 3/3
   436 | D:1      | Reached XP level 3. HP: 14/18 MP: 2/4
  1034 | D:2      | Found a glowing golden altar of the Shining One.
  1133 | D:2      | Reached XP level 4. HP: 23/23 MP: 5/5
  2114 | D:3      | Noticed Natasha
  2126 | D:3      | Killed Natasha
  2126 | D:3      | Reached skill level 1 in Dodging
  2126 | D:3      | Reached skill level 5 in Stealth
  2126 | D:3      | Reached XP level 5. HP: 26/26 MP: 7/7
  2221 | D:3      | Noticed Sigmund
  2237 | D:3      | Killed Sigmund
  2537 | D:4      | Found a shattered altar of Ashenzari.
  2546 | D:4      | Gained mutation: You heal very quickly. [vine stalker growth]
  2546 | D:4      | Reached XP level 6. HP: 30/30 MP: 8/8
  2556 | D:4      | Noticed a phantom
  2601 | D:4      | Killed a phantom
  2601 | D:4      | Reached skill level 5 in Short Blades
  2601 | D:4      | Reached skill level 6 in Stealth
  2615 | D:4      | Got a warped falchion
  2616 | D:4      | Identified the +3,+4 falchion "Vywunav" {slice, rC- Stlth+} (You found it on level 4 of the Dungeon)
  2659 | D:4      | Noticed an ogre
  2672 | D:4      | Killed an ogre
  2720 | D:4      | Noticed an ogre
  2764 | D:4      | Killed an ogre
  2764 | D:4      | Reached XP level 7. HP: 35/35 MP: 9/9
  2928 | D:4      | Noticed Gandelf's ghost (experienced DDBe)
  2998 | D:5      | Entered Level 5 of the Dungeon
  3004 | D:5      | Noticed Prince Ribbit
  3102 | D:4      | Noticed Dowan
  3109 | D:4      | Noticed Duvessa
  3195 | D:4      | Killed Dowan
  3195 | D:4      | Reached skill level 7 in Stealth
  3199 | D:4      | Killed Duvessa
  3512 | D:4      | Killed Prince Ribbit
  3512 | D:4      | Gained mutation: You have razor-sharp teeth. [vine stalker growth]
  3512 | D:4      | Reached XP level 8. HP: 39/39 MP: 11/11
  3853 | D:5      | You fall through a shaft for 2 floors!
  3853 | D:7      | Found a sparkling altar of Nemelex Xobeh.
  4106 | D:5      | Found a staircase to the Ecumenical Temple.
  4137 | Temple   | Entered the Ecumenical Temple
  4191 | Temple   | Became a worshipper of Dithmenos the Shadowed
  4296 | D:5      | Reached skill level 8 in Stealth
  4777 | D:6      | Noticed Edmund
  4814 | D:6      | Killed Edmund
  4958 | D:6      | Reached skill level 9 in Stealth
  5041 | D:6      | Reached XP level 9. HP: 28/42 MP: 7/12
  5452 | D:6      | Noticed Eustachio
  5472 | D:6      | Killed Eustachio
  6243 | D:7      | Found Crep's Magic Scroll Shoppe.
  6243 | D:7      | Found a deep blue altar of Sif Muna.
  6243 | D:7      | Noticed Menkaure
  6244 | D:7      | Killed Menkaure
  6282 | D:7      | Identified a scroll of acquirement
  6414 | D:7      | Noticed Pikel
  6437 | D:7      | Killed Pikel
  6437 | D:7      | Reached skill level 10 in Short Blades
  6437 | D:7      | Reached skill level 10 in Stealth
  6487 | D:7      | Noticed Ijyb
  6524 | D:7      | Killed Ijyb
  6665 | D:7      | Reached skill level 1 in Spellcasting
  7034 | D:8      | Found a staircase to the Lair.
  7046 | D:8      | Acquired Dithmenos' first power
  7100 | D:8      | Noticed a death yak
  7187 | D:8      | Noticed Psyche
  7323 | D:8      | Noticed Erolcha
  7358 | D:7      | Reached XP level 10. HP: 46/46 MP: 19/19
  7840 | Lair:1   | Entered Level 1 of the Lair of Beasts
  7865 | Lair:1   | Learned a level 4 spell: Cause Fear
  7916 | Lair:1   | Reached skill level 1 in Hexes
  7947 | Lair:1   | Found a frozen archway.
  8009 | IceCv    | Entered an ice cave
  8119 | IceCv    | Noticed an ice statue
  8202 | IceCv    | Noticed an ice dragon
  8202 | IceCv    | Noticed an ice dragon
  8211 | IceCv    | Got a pitted wooden ring
  8545 | Lair:1   | Acquired Dithmenos' second power
  8585 | Lair:1   | Noticed a seven-headed hydra
  9068 | Lair:1   | Reached skill level 5 in Spellcasting
  9145 | Lair:1   | Found a snail-covered altar of Cheibriados.
  9294 | Lair:2   | Reached XP level 11. HP: 53/53 MP: 25/25
  9557 | Lair:2   | Reached skill level 5 in Hexes
  9773 | Lair:2   | Noticed a griffon
  9781 | Lair:2   | Killed a griffon
  9870 | Lair:2   | Reached skill level 5 in Fighting
 10101 | Lair:2   | Found a snail-covered altar of Cheibriados.
 10320 | Lair:3   | Acquired Dithmenos' third power
 10412 | Lair:3   | Identified the ring of Desertification {+/*Tele +Rage rC+ Acc-3} (You found it in an ice cave)
 11449 | D:7      | Bought a scroll of brand weapon for 320 gold pieces
 11449 | D:7      | Bought a scroll of enchant armour for 120 gold pieces
 11472 | D:8      | Killed Erolcha
 11494 | D:8      | Noticed Blork the orc
 11514 | D:8      | Killed Blork the orc
 11591 | D:8      | You fall through a shaft for 3 floors!
 11602 | D:10     | Entered Level 10 of the Dungeon
 11799 | D:10     | Paralysed by a giant eyeball for 4 turns
 12040 | D:10     | Found Nuarr's Weapon Shop.
 12354 | D:9      | Noticed Grum
 12460 | D:9      | Found a snail-covered altar of Cheibriados.
 12499 | D:9      | Found Gapaxzuwn's Book Shoppe.
 12510 | D:9      | Found a staircase to the Orcish Mines.
 12603 | D:9      | Gained mutation: You regenerate. [vine stalker growth]
 12603 | D:9      | Reached XP level 12. HP: 42/63 MP: 21/30
 12714 | D:8      | Killed Psyche
 12881 | D:8      | Identified a +0 rod of clouds (9/9) (You found it on level 8 of the Dungeon)
 13346 | Lair:3   | Reached skill level 5 in Dodging
 14529 | Lair:4   | Found a staircase to the Swamp.
 14775 | Lair:5   | Reached skill level 10 in Spellcasting
 14826 | Lair:5   | Found a hole to the Spider Nest.
 14874 | Lair:5   | Reached skill level 1 in Evocations
 14880 | Lair:5   | Acquired Dithmenos' fourth power
 15641 | Lair:6   | Found a staircase to the Swamp.
 15927 | Lair:6   | Noticed an alligator
 15954 | Lair:6   | Killed an alligator
 16174 | Lair:6   | the staircase to the Swamp was a mimic.
 16196 | Lair:6   | Killed a ravenous staircase mimic
 16275 | Lair:6   | Noticed a death yak
 16277 | Lair:6   | Noticed a death yak
 16277 | Lair:6   | Noticed a death yak
 16311 | Lair:5   | Killed a death yak
 16311 | Lair:5   | Reached XP level 13. HP: 46/69 MP: 28/32
 16406 | Lair:6   | Reached skill level 5 in Evocations
 16461 | Lair:6   | Found a viscous altar of Jiyva.
 16461 | Lair:6   | Found a staircase to the Slime Pits.
 16498 | Lair:6   | Noticed a four-headed hydra
 16513 | Lair:6   | Noticed Fannar
 16527 | Lair:6   | Killed Fannar
 16547 | Lair:6   | Killed a four-headed hydra
 17028 | Lair:6   | Killed a death yak
 17040 | Lair:6   | Killed a death yak
 17490 | Lair:7   | Found a labyrinth entrance.
 17507 | Lab      | Entered a labyrinth
 18814 | Lab      | Noticed a minotaur
 18819 | Lab      | Killed a minotaur
 19736 | Lair:2   | Learned a level 5 spell: Agony
 19903 | Lair:8   | Entered Level 8 of the Lair of Beasts
 20080 | Lair:8   | Reached skill level 1 in Necromancy
 20157 | Lair:8   | Reached skill level 10 in Fighting
 20579 | Lair:8   | Got a fine cloak
 20583 | Lair:8   | Identified the +2 cloak of Dawn {Dam+3 Stlth++} (You acquired it on level 8 of the Lair of Beasts)
 20940 | Lair:8   | Reached XP level 14. HP: 77/77 MP: 33/33
 21363 | Lair:2   | Reached skill level 1 in Invocations
 21368 | Lair:2   | Reached skill level 5 in Necromancy
 21406 | Lair:2   | Learned a level 6 spell: Haste
 21443 | Lair:1   | Killed a seven-headed hydra
 21443 | Lair:1   | Reached skill level 1 in Charms
 21599 | D:8      | Killed a death yak
 22135 | D:9      | Killed Grum
 22365 | Orc:1    | Entered Level 1 of the Orcish Mines
 22817 | Orc:2    | Noticed Harold
 22819 | Orc:2    | Killed Harold
 22824 | Orc:2    | Noticed Josephine
 22835 | Orc:2    | Killed Josephine
 22919 | Orc:2    | Noticed Urug
 22953 | Orc:2    | Killed Urug
 22953 | Orc:2    | Reached skill level 11 in Short Blades
 23103 | Orc:1    | Noticed Maurice
 23123 | Orc:1    | Killed Maurice
 23295 | Orc:2    | Noticed Snorg
 23312 | Orc:2    | Killed Snorg
 23381 | Orc:2    | Reached skill level 5 in Charms
 23478 | Orc:3    | Found a staircase to the Elven Halls.
 23704 | Orc:3    | Noticed Nessos
 23712 | Orc:3    | Killed Nessos
 24285 | Orc:4    | Entered Level 4 of the Orcish Mines
 24301 | Orc:3    | Found Brezihem's Armour Shoppe.
 24322 | Orc:3    | Bought a +0 pair of boots of running for 378 gold pieces
 24326 | Orc:3    | Bought a +0 pair of gloves of dexterity for 138 gold pieces
 24556 | Orc:4    | Found a roughly hewn altar of Beogh.
 24556 | Orc:4    | Found Seitimum's Antique Armour Shoppe.
 24703 | Orc:4    | Found a roughly hewn altar of Beogh.
 24780 | Orc:4    | Found a roughly hewn altar of Beogh.
 24780 | Orc:4    | Found Laonael's Gadget Shop.
 24886 | Orc:4    | Found a roughly hewn altar of Beogh.
 24932 | Orc:4    | Found a roughly hewn altar of Beogh.
 25042 | Orc:4    | Noticed an orc warlord
 25048 | Orc:4    | Found a roughly hewn altar of Beogh.
 25051 | Orc:4    | Found Claffum's Antique Weapon Shop.
 25072 | Orc:4    | Killed an orc warlord
 25180 | Orc:4    | Found Kluotraz's Antique Armour Boutique.
 25300 | Orc:4    | Bought a silk robe for 171 gold pieces
 25309 | Orc:4    | Identified the +0 robe of Niaddyt {Dex+4 Int+5} (You bought it in a shop on level 4 of the Orcish Mines)
 25362 | D:9      | Bought a book of Burglary for 900 gold pieces
 25371 | D:9      | Learned a level 7 spell: Darkness
 25373 | D:9      | Learned a level 1 spell: Apportation
 25421 | Orc:3    | Bought a +0 cloak of poison resistance for 102 gold pieces
 25602 | Lair:2   | Learned a level 6 spell: Invisibility
 25720 | Swamp:1  | Entered Level 1 of the Swamp
 25954 | Swamp:1  | Reached XP level 15. HP: 50/80 MP: 22/35
 26666 | Swamp:2  | Noticed Rupert
 27136 | Swamp:2  | Noticed Saint Roka
 27769 | Spider:1 | Entered Level 1 of the Spider Nest
 27783 | Lair:5   | Reached skill level 10 in Hexes
 28096 | Spider:1 | Reached skill level 10 in Charms
 29114 | Spider:2 | Reached XP level 16. HP: 71/85 MP: 36/36
 29429 | Spider:3 | Reached skill level 12 in Spellcasting
 29693 | Spider:3 | Noticed Azrael
 29702 | Spider:3 | Killed Azrael
 30260 | Spider:4 | Noticed Jorgrun
 30262 | Spider:4 | Killed Jorgrun
 30642 | Spider:4 | Noticed Roxanne
 31246 | Swamp:2  | Killed Rupert
 31682 | Swamp:3  | Noticed a thorn hunter
 31980 | Swamp:3  | Killed a thorn hunter
 32374 | Swamp:2  | Was placed under penance by Dithmenos
 32381 | Swamp:2  | Killed Saint Roka
 32388 | Swamp:2  | Was forgiven by Dithmenos
 32926 | D:11     | Found a glowing golden altar of the Shining One.
 32936 | D:11     | Noticed a hill giant
 32943 | D:11     | Killed a hill giant
 33008 | D:11     | Noticed a skeletal warrior
 33008 | D:11     | Noticed a skeletal warrior
 33009 | D:11     | Noticed a skeletal warrior
 33022 | D:11     | Killed a skeletal warrior
 33029 | D:11     | Killed a skeletal warrior
 33040 | D:11     | Killed a skeletal warrior
 33126 | D:11     | Noticed a hill giant
 33343 | D:11     | Noticed an unseen horror
 33353 | D:11     | Killed an unseen horror
 33388 | D:11     | Killed a hill giant
 33547 | D:11     | Reached XP level 17. HP: 91/91 MP: 37/37
 33950 | D:12     | Learned a level 3 spell: Regeneration
 33954 | D:12     | Learned a level 3 spell: Vampiric Draining
 34069 | D:12     | Got a blackened ring mail
 34078 | D:12     | Identified the +2 ring mail of Virtue {Dex+2} (You found it on level 12 of the Dungeon)
 34199 | D:12     | Noticed 4tharraofdagon's ghost (experienced DsGl)
 34205 | D:12     | Killed 4tharraofdagon's ghost
 34226 | D:12     | Got a warped leather armour
 34233 | D:12     | Identified the cursed -5 leather armour of Resourcefulness {Dex+3} (You found it on level 12 of the Dungeon)
 35323 | D:14     | Found a gate to the Vaults.
 35323 | D:14     | Noticed Norris
 35323 | D:14     | Noticed Donald
 35342 | D:13     | Reached skill level 13 in Spellcasting
 35350 | D:13     | Learned a level 6 spell: Mass Confusion
 35574 | D:14     | Noticed Frances
 35578 | D:14     | Killed Frances
 35585 | D:14     | Noticed Maud
 35601 | D:14     | Killed Maud
 35627 | D:14     | Noticed Sonja
 35631 | D:14     | Killed Sonja
 35674 | D:14     | Gained mutation: Your muscles are strong. (Str +2) [potion of beneficial mutation]
 35734 | D:15     | Entered Level 15 of the Dungeon
 35778 | D:15     | Found a magical portal.
 35782 | WizLab   | Entered a wizard's laboratory
 36020 | WizLab   | Got a pair of faintly glowing gloves
 36021 | WizLab   | Identified the +0 pair of gloves "Ashrag" {Stlth+} (You found it in a wizard's laboratory)
 36569 | D:15     | Found a staircase to the Depths.
 37409 | D:14     | Killed Norris
 37446 | D:14     | Got a slimy buckler
 37447 | D:14     | Identified the cursed +2 buckler of Happiness {rN+ Dex+3} (You took it off Norris on level 14 of the Dungeon)
 37453 | D:14     | Got a tattered robe
 37454 | D:14     | Identified the +2 robe "Dylak" {Str+3 Dex+3} (You found it on level 14 of the Dungeon)
 37715 | D:14     | Noticed Kirke
 37725 | D:14     | Killed Kirke
 37725 | D:14     | Reached XP level 18. HP: 96/96 MP: 38/38
 38192 | Swamp:3  | Reached skill level 14 in Spellcasting
 38471 | Swamp:4  | Noticed Ququman's ghost (mighty DDFi)
 39513 | Lair:2   | Upgraded the game from 0.15-a0-53-g5e01d95 to 0.15-a0-58-gfb3cfe9
 39995 | Spider:5 | Entered Level 5 of the Spider Nest
 40015 | Spider:5 | Noticed Lapajee's ghost (mighty MiBe)
 40043 | Spider:5 | Killed Lapajee's ghost
 41397 | Spider:5 | Got a gossamer rune of Zot
 41906 | Vaults:1 | Entered Level 1 of the Vaults
 42138 | Vaults:1 | Found Shufil's Weapon Emporium.
 42157 | Vaults:1 | Found Xazaits' Food Shop.
 42158 | Vaults:1 | Found Phuikahu's Antique Weapon Boutique.
 42655 | Vaults:1 | Reached XP level 19. HP: 100/100 MP: 40/40
 42916 | Vaults:1 | Gained mutation: You are dopey. (Int -2) [mutagenic glow]
 43006 | Vaults:1 | Reached skill level 15 in Spellcasting
 44036 | Vaults:2 | Noticed Elizilla's ghost (mighty FoFi)
 44093 | Vaults:2 | Killed Elizilla's ghost
 44961 | Vaults:2 | Lost mutation: You are dopey. (Int -2) [potion of cure mutation]
 44961 | Vaults:2 | Lost mutation: Your muscles are strong. (Str +2) [potion of cure mutation]
 44987 | Vaults:2 | Noticed Jory
 45127 | Vaults:2 | Killed Jory
 45131 | Vaults:2 | Reached skill level 15 in Hexes
 45181 | Vaults:2 | Gained mutation: Armour fits poorly on your strangely shaped body. [mutagenic glow]
 45433 | Vaults:2 | Reached skill level 16 in Spellcasting
 45851 | Vaults:3 | Reached XP level 20. HP: 95/107 MP: 38/41
 46487 | Vaults:3 | Found a staircase to the Hall of Blades.
 46827 | Vaults:3 | Found a staircase to the Crypt.
 46827 | Vaults:3 | Found a basalt altar of Yredelemnul.
 46828 | Vaults:3 | Found an ancient bone altar of Kikubaaqudgha.
 46993 | Vaults:3 | Reached skill level 17 in Spellcasting
 47865 | Vaults:4 | Reached skill level 15 in Short Blades
 49311 | Swamp:4  | Killed Ququman's ghost
 49465 | Swamp:5  | Entered Level 5 of the Swamp
 49993 | Swamp:5  | Reached XP level 21. HP: 50/113 MP: 27/42
 50135 | Swamp:5  | Gained mutation: You are resistant to electric shocks. [mutagenic glow]
 50518 | Swamp:5  | Got a decaying rune of Zot
 50802 | Lair:2   | Learned a level 8 spell: Discord
 50807 | Lair:2   | Learned a level 4 spell: Animate Dead
 51220 | Blade    | Entered the Hall of Blades
 51591 | Vaults:5 | Entered Level 5 of the Vaults
 51665 | Vaults:5 | Identified the Disquisition on Confrontation
 51730 | Vaults:5 | HP: 1/114 [yaktaur captain (7)]
 51732 | Vaults:5 | Shot with a silver bolt by a yaktaur captain

Action                   |  1- 3 |  4- 6 |  7- 9 | 10-12 | 13-15 | 16-18 | 19-21 || total
-------------------------+-------+-------+-------+-------+-------+-------+-------++-------
Melee: Dagger            |    32 |    56 |   137 |  1091 |  1265 |  1309 |   926 ||  4816
       Falchion          |       |     1 |   136 |     5 |       |       |       ||   142
 Fire: Blowgun           |    45 |    47 |   134 |   108 |    52 |    11 |     4 ||   401
Throw: Dart              |       |       |       |     1 |       |       |       ||     1
       Javelin           |       |       |       |       |    14 |    10 |    11 ||    35
       Throwing net      |       |       |       |       |       |     1 |       ||     1
 Cast: Cause Fear        |       |       |       |     2 |     4 |       |       ||     6
       Invisibility      |       |       |       |       |     4 |    16 |    14 ||    34
       Haste             |       |       |       |       |       |    12 |     8 ||    20
       Regeneration      |       |       |       |       |       |    16 |    17 ||    33
       Mass Confusion    |       |       |       |       |       |     8 |    25 ||    33
       Vampiric Draining |       |       |       |       |       |     3 |       ||     3
       Darkness          |       |       |       |       |       |       |     6 ||     6
       Discord           |       |       |       |       |       |       |     1 ||     1
Invok: Shadow Step       |       |       |       |     4 |    16 |     9 |       ||    29
 Abil: Evoke Berserk Rag |       |       |       |       |     1 |       |       ||     1
       Evoke Teleportati |       |       |       |       |     1 |       |       ||     1
Evoke: Wand              |       |       |     1 |     9 |    38 |    22 |    14 ||    84
       Disc of storms    |       |       |       |       |       |     5 |     1 ||     6
       Stone of tremors  |       |       |       |       |       |       |     1 ||     1
  Use: Scroll            |     7 |     6 |    18 |    20 |    24 |    30 |    13 ||   118
       Potion            |       |       |     1 |     4 |     8 |     3 |     7 ||    23
 Stab: Sleeping          |     2 |     2 |    14 |    61 |   135 |   167 |   106 ||   487
       Distracted        |       |       |       |     3 |     9 |    12 |     8 ||    32
       Confused          |       |       |       |     1 |     1 |     2 |    13 ||    17
       Paralysed         |       |       |       |       |     5 |       |       ||     5
       Invisible         |       |       |       |       |    14 |    55 |    28 ||    97
       Fleeing           |       |       |       |       |       |       |     1 ||     1
